General information
- name: BNet
- type: Ladder team game (AT/RT)
- host: Battle.net
- saver: Dexanth
map: Monsoon
- players: 6
- length: 82:31
- speed: Fast
- version: 1.21 W3XP
- replay type: Public
» download(592 KB)
Players
team 1 (winner)
Dexanth (
red | 73 APM | 6044 actions | 82:31)
7 Mountain King
3 Storm Bolt
3 Bash
1 Avatar
6 Archmage
3 Blizzard
2 Brilliance Aura
1 Mass Teleport
5 Blood Mage
3 Flame Strike
2 Banish
1 Pandaren Brewmaster
1 Drunken Brawler
» actions
| Assign group hotkey | 39 | |
| Basic commands | 38 | |
| Build / train | 189 | |
| ESC pressed | 1 | |
| Enter build submenu | 100 | |
| Enter hero's abilities submenu | 19 | |
| Give item / drop item | 6 | |
| Remove unit from queue | 5 | |
| Right click | 2616 | |
| Select / deselect | 1071 | |
| Select group hotkey | 1369 | |
| Use ability | 591 | |
6044 total
» units
| Peasant | 18 | |
| Dragonhawk Rider | 7 | |
| Sorceress | 6 | |
| Mortar Team | 10 | |
| Priest | 1 | |
42 total
» upgrades
| Masonry | 3 | |
| Armor | 3 | |
| Magic Sentry | 1 | |
| Sorceress Training | 2 | |
| Animal War Training | 1 | |
| Cloud | 1 | |
| Swords | 2 | |
| Gunpowder | 3 | |
| Plating | 3 | |
| Fragmentation Shards | 1 | |
| Flare | 1 | |
| Priest Training | 2 | |
| Storm Hammers | 1 | |
| Flak Cannons | 1 | |
| Flying Machine Bombs | 1 | |
| Barrage | 1 | |
27 total
» buildings
| Altar of Kings | 1 | |
| Farm | 10 | |
| Lumber Mill | 1 | |
| Scout Tower | 104 | |
| Arcane Tower | 10 | |
| Guard Tower | 54 | |
| Keep | 1 | |
| Blacksmith | 1 | |
| Town Hall | 2 | |
| Arcane Vault | 2 | |
| Castle | 1 | |
| Arcane Sanctum | 2 | |
| Barracks | 1 | |
| Gryphon Aviary | 2 | |
| Workshop | 1 | |
193 total
» build order
00:08 Altar of Kings
00:18 Farm
00:33 Lumber Mill
01:09 Scout Tower
01:12 Scout Tower
01:21 Farm
01:41 Arcane Tower
01:45 Scout Tower
01:49 Scout Tower
01:55 Scout Tower
01:57 Scout Tower
02:01 Scout Tower
02:02 Scout Tower
02:05 Scout Tower
02:06 Scout Tower
02:14 Scout Tower
02:15 Guard Tower
02:30 Scout Tower
02:33 Arcane Tower
02:36 Guard Tower
02:43 Scout Tower
02:52 Arcane Tower
02:53 Guard Tower
02:55 Scout Tower
02:57 Scout Tower
03:04 Arcane Tower
03:15 Scout Tower
03:15 Guard Tower
03:31 Guard Tower
03:43 Scout Tower
03:43 Guard Tower
03:54 Scout Tower
03:55 Scout Tower
03:55 Guard Tower
04:05 Scout Tower
04:05 Scout Tower
04:08 Scout Tower
04:09 Arcane Tower
04:13 Scout Tower
04:14 Guard Tower
04:18 Guard Tower
04:34 Keep
04:38 Guard Tower
04:40 Guard Tower
04:55 Scout Tower
04:59 Scout Tower
04:59 Scout Tower
05:00 Scout Tower
05:01 Scout Tower
05:05 Scout Tower
05:10 Guard Tower
05:10 Guard Tower
05:12 Guard Tower
05:13 Guard Tower
05:20 Blacksmith
05:23 Scout Tower
05:24 Arcane Tower
05:36 Scout Tower
05:44 Guard Tower
05:49 Guard Tower
06:10 Scout Tower
06:11 Guard Tower
06:13 Guard Tower
06:16 Scout Tower
06:24 Arcane Tower
06:55 Scout Tower
06:55 Scout Tower
06:56 Scout Tower
06:57 Scout Tower
06:57 Scout Tower
07:00 Scout Tower
07:01 Scout Tower
07:02 Guard Tower
07:08 Town Hall
07:16 Arcane Vault
07:24 Guard Tower
07:29 Guard Tower
07:30 Scout Tower
07:59 Scout Tower
08:00 Guard Tower
08:29 Guard Tower
08:31 Scout Tower
08:43 Castle
08:50 Scout Tower
08:51 Scout Tower
08:51 Scout Tower
08:53 Scout Tower
08:54 Scout Tower
08:56 Guard Tower
09:03 Scout Tower
09:05 Guard Tower
09:11 Scout Tower
09:28 Guard Tower
09:34 Scout Tower
09:36 Scout Tower
09:42 Arcane Tower
09:45 Arcane Sanctum
10:03 Guard Tower
10:06 Scout Tower
10:36 Guard Tower
10:39 Scout Tower
10:44 Guard Tower
10:49 Scout Tower
10:50 Scout Tower
10:51 Scout Tower
10:54 Guard Tower
11:02 Scout Tower
11:03 Scout Tower
11:11 Guard Tower
11:13 Scout Tower
11:14 Scout Tower
11:17 Scout Tower
11:17 Scout Tower
11:17 Scout Tower
11:18 Scout Tower
11:18 Scout Tower
11:19 Scout Tower
11:28 Guard Tower
12:25 Guard Tower
12:26 Scout Tower
12:44 Guard Tower
12:46 Guard Tower
12:49 Barracks
12:58 Gryphon Aviary
12:59 Gryphon Aviary
13:01 Guard Tower
13:04 Scout Tower
13:05 Scout Tower
13:37 Arcane Tower
13:41 Arcane Tower
13:42 Guard Tower
14:10 Farm
14:11 Farm
14:12 Farm
14:13 Farm
14:14 Farm
14:14 Farm
14:52 Arcane Sanctum
14:56 Arcane Tower
14:58 Guard Tower
17:16 Guard Tower
19:40 Scout Tower
19:41 Scout Tower
19:42 Scout Tower
19:44 Scout Tower
19:45 Scout Tower
20:42 Scout Tower
20:42 Scout Tower
20:43 Scout Tower
20:44 Scout Tower
21:09 Guard Tower
21:13 Guard Tower
21:15 Scout Tower
21:16 Scout Tower
21:17 Scout Tower
21:17 Scout Tower
21:18 Scout Tower
21:20 Scout Tower
21:21 Scout Tower
21:22 Scout Tower
21:23 Scout Tower
22:25 Guard Tower
22:29 Town Hall
22:35 Scout Tower
23:19 Guard Tower
23:21 Scout Tower
23:23 Scout Tower
23:24 Guard Tower
23:50 Scout Tower
23:51 Scout Tower
23:51 Scout Tower
24:00 Guard Tower
24:59 Guard Tower
25:02 Scout Tower
25:18 Guard Tower
25:32 Guard Tower
25:33 Scout Tower
25:40 Workshop
26:08 Guard Tower
29:05 Scout Tower
30:25 Guard Tower
34:19 Scout Tower
34:21 Scout Tower
34:21 Scout Tower
34:49 Guard Tower
35:43 Guard Tower
35:46 Scout Tower
35:47 Scout Tower
36:54 Guard Tower
37:04 Scout Tower
37:06 Scout Tower
38:01 Guard Tower
48:14 Farm
48:15 Farm
59:12 Arcane Vault
» items
| Boots of Speed | 3 | |
| Healing Salve | 1 | |
| Lesser Clarity Potion | 1 | |
| Staff of Teleportation | 3 | |
| Scroll of Town Portal | 8 | |
| Staff of Sanctuary | 3 | |
| Orb of Fire | 1 | |
| Periapt of Vitality | 3 | |
| Mechanical Critter | 3 | |
26 total
GOKUMaN69 (
green | 51 APM | 4220 actions | 82:30)
8 Pandaren Brewmaster
3 Breath of Fire
3 Drunken Haze
1 Storm Earth and Fire
1 Drunken Brawler
» actions
| Assign group hotkey | 1 | |
| Basic commands | 2 | |
| Build / train | 90 | |
| Enter build submenu | 31 | |
| Enter hero's abilities submenu | 8 | |
| Give item / drop item | 2 | |
| Remove unit from queue | 2 | |
| Right click | 2851 | |
| Select / deselect | 906 | |
| Use ability | 327 | |
4220 total
» units
» upgrades
| Ultravision | 1 | |
| Well Spring | 1 | |
| Strength of the Wild | 3 | |
| Reinforced Hides | 3 | |
| Corrosive Breath | 1 | |
9 total
» buildings
| Moon Well | 18 | |
| Altar of Elders | 1 | |
| Tree of Ages | 1 | |
| Hunter's Hall | 1 | |
| Ancient of Wonders | 1 | |
| Tree of Eternity | 1 | |
| Tree of Life | 1 | |
| Ancient of Wind | 1 | |
| Chimaera Roost | 4 | |
29 total
» build order
00:07 Moon Well
00:30 Altar of Elders
01:33 Moon Well
05:31 Moon Well
05:32 Moon Well
06:24 Tree of Ages
08:02 Moon Well
08:05 Hunter's Hall
08:11 Ancient of Wonders
09:31 Tree of Eternity
10:50 Tree of Life
10:54 Ancient of Wind
12:31 Chimaera Roost
12:32 Chimaera Roost
15:06 Moon Well
16:59 Moon Well
18:15 Moon Well
18:16 Moon Well
18:20 Moon Well
18:21 Moon Well
18:22 Moon Well
19:47 Moon Well
19:48 Moon Well
19:51 Moon Well
19:51 Moon Well
24:48 Chimaera Roost
24:49 Chimaera Roost
27:24 Moon Well
33:19 Moon Well
» items
| Boots of Speed | 1 | |
| Staff of Teleportation | 1 | |
| Lesser Clarity Potion | 2 | |
| Orb of Venom | 1 | |
| Scroll of Town Portal | 7 | |
| Anti-magic Potion | 2 | |
| Potion of Mana | 1 | |
| Periapt of Vitality | 2 | |
17 total
gwbushin2008 (
yellow | 115 APM | 9487 actions | 82:30)
10 Blademaster
3 Wind Walk
3 Critical Strike
1 Bladestorm
3 Mirror Image
» actions
| Assign group hotkey | 1645 | |
| Basic commands | 38 | |
| Build / train | 61 | |
| ESC pressed | 5 | |
| Enter build submenu | 68 | |
| Enter hero's abilities submenu | 12 | |
| Give item / drop item | 3 | |
| Right click | 6272 | |
| Select / deselect | 467 | |
| Select group hotkey | 450 | |
| Use ability | 466 | |
9487 total
» units
» upgrades
| Reinforced Defenses | 1 | |
| Backpack | 1 | |
| Liquid Fire | 1 | |
| Troll Regeneration | 1 | |
4 total
» buildings
| War Mill | 3 | |
| Altar of Storms | 2 | |
| Orc Burrow | 7 | |
| Watch Tower | 38 | |
| Voodoo Lounge | 4 | |
| Stronghold | 2 | |
| Fortress | 1 | |
| Beastiary | 6 | |
| Great Hall | 2 | |
| Barracks | 2 | |
67 total
» build order
00:07 War Mill
00:10 War Mill
00:13 War Mill
00:27 Altar of Storms
00:45 Orc Burrow
01:29 Watch Tower
01:59 Watch Tower
02:14 Orc Burrow
03:01 Watch Tower
03:02 Voodoo Lounge
03:32 Watch Tower
04:00 Stronghold
04:14 Watch Tower
05:16 Orc Burrow
05:17 Orc Burrow
05:21 Watch Tower
05:22 Watch Tower
05:23 Watch Tower
05:24 Watch Tower
06:23 Fortress
06:25 Beastiary
06:25 Beastiary
06:28 Beastiary
06:37 Beastiary
06:50 Watch Tower
07:23 Watch Tower
07:26 Watch Tower
07:26 Watch Tower
07:29 Watch Tower
08:01 Watch Tower
09:16 Watch Tower
09:45 Great Hall
11:36 Watch Tower
11:39 Watch Tower
12:55 Watch Tower
12:55 Watch Tower
12:56 Watch Tower
13:06 Watch Tower
13:07 Watch Tower
13:07 Watch Tower
13:08 Watch Tower
13:09 Watch Tower
13:09 Watch Tower
13:10 Watch Tower
15:17 Watch Tower
15:20 Watch Tower
15:22 Watch Tower
18:38 Barracks
19:58 Watch Tower
19:59 Watch Tower
19:59 Watch Tower
20:04 Barracks
20:06 Watch Tower
20:06 Watch Tower
21:34 Watch Tower
21:35 Watch Tower
38:55 Altar of Storms
38:58 Orc Burrow
38:58 Orc Burrow
58:02 Great Hall
60:56 Stronghold
65:38 Beastiary
65:48 Beastiary
66:58 Voodoo Lounge
67:01 Voodoo Lounge
67:03 Voodoo Lounge
73:16 Orc Burrow
» items
| Boots of Speed | 1 | |
| Staff of Teleportation | 1 | |
| Healing Salve | 2 | |
| Orb of Lightning | 1 | |
| Potion of Lesser Invulnerability | 3 | |
| Periapt of Vitality | 1 | |
9 total
team 2 (loser)
CaMaReNa (
blue | 47 APM | 3903 actions | 82:27)
5 Archmage
2 Blizzard
1 Brilliance Aura
2 Summon Water Elemental
4 Paladin
1 Holy Light
2 Devotion Aura
1 Divine Shield
3 Mountain King
1 Thunder Clap
2 Storm Bolt
» actions
| Assign group hotkey | 51 | |
| Basic commands | 90 | |
| Build / train | 234 | |
| Enter build submenu | 81 | |
| Enter hero's abilities submenu | 12 | |
| Give item / drop item | 3 | |
| Remove unit from queue | 14 | |
| Right click | 1263 | |
| Select / deselect | 885 | |
| Select group hotkey | 1032 | |
| Use ability | 238 | |
3903 total
» units
| Peasant | 69 | |
| Footman | 5 | |
| Mortar Team | 6 | |
| Siege Engine | 25 | |
| Sorceress | 6 | |
| Dragonhawk Rider | 18 | |
129 total
» upgrades
| Masonry | 3 | |
| Gunpowder | 3 | |
| Armor | 4 | |
| Lumber Harvesting | 2 | |
| Fragmentation Shards | 1 | |
| Flare | 1 | |
| Barrage | 1 | |
| Magic Sentry | 1 | |
| Sorceress Training | 2 | |
| Cloud | 1 | |
| Plating | 3 | |
22 total
» buildings
| Altar of Kings | 1 | |
| Barracks | 1 | |
| Farm | 13 | |
| Lumber Mill | 6 | |
| Scout Tower | 39 | |
| Arcane Tower | 15 | |
| Town Hall | 10 | |
| Arcane Vault | 1 | |
| Keep | 1 | |
| Guard Tower | 19 | |
| Castle | 1 | |
| Blacksmith | 1 | |
| Workshop | 2 | |
| Arcane Sanctum | 1 | |
| Gryphon Aviary | 3 | |
| Cannon Tower | 1 | |
115 total
» build order
00:10 Altar of Kings
00:13 Barracks
00:20 Farm
00:59 Farm
01:31 Lumber Mill
01:45 Lumber Mill
01:57 Scout Tower
02:10 Farm
02:29 Farm
02:35 Arcane Tower
04:12 Town Hall
04:22 Arcane Vault
04:54 Farm
05:26 Farm
05:29 Farm
05:42 Scout Tower
06:22 Keep
06:29 Guard Tower
06:59 Scout Tower
07:02 Scout Tower
07:32 Guard Tower
07:33 Guard Tower
07:46 Lumber Mill
08:46 Castle
08:49 Blacksmith
09:35 Farm
09:39 Workshop
09:43 Workshop
10:36 Town Hall
10:54 Farm
11:19 Arcane Sanctum
11:45 Farm
13:32 Farm
14:23 Farm
15:08 Farm
17:01 Town Hall
17:34 Gryphon Aviary
17:36 Scout Tower
17:38 Gryphon Aviary
17:41 Gryphon Aviary
18:22 Scout Tower
18:24 Scout Tower
18:39 Scout Tower
19:05 Guard Tower
19:18 Guard Tower
19:25 Guard Tower
23:13 Lumber Mill
27:25 Lumber Mill
29:59 Town Hall
30:21 Scout Tower
31:24 Scout Tower
31:26 Guard Tower
34:25 Guard Tower
34:55 Town Hall
35:29 Scout Tower
35:34 Scout Tower
35:37 Scout Tower
36:22 Guard Tower
37:43 Guard Tower
37:44 Guard Tower
40:59 Town Hall
41:10 Lumber Mill
41:45 Scout Tower
41:48 Scout Tower
42:18 Guard Tower
42:20 Guard Tower
51:38 Scout Tower
51:56 Scout Tower
52:17 Guard Tower
52:21 Arcane Tower
52:41 Guard Tower
52:45 Scout Tower
53:06 Scout Tower
53:16 Cannon Tower
53:22 Scout Tower
53:48 Arcane Tower
53:57 Guard Tower
54:00 Scout Tower
54:04 Scout Tower
54:37 Scout Tower
54:39 Guard Tower
54:44 Scout Tower
54:47 Arcane Tower
55:21 Arcane Tower
55:27 Scout Tower
55:35 Scout Tower
55:37 Arcane Tower
55:46 Scout Tower
55:48 Scout Tower
56:08 Arcane Tower
56:15 Arcane Tower
56:21 Guard Tower
56:23 Scout Tower
56:24 Scout Tower
56:27 Scout Tower
56:32 Scout Tower
56:39 Scout Tower
56:58 Arcane Tower
57:00 Guard Tower
57:03 Town Hall
57:05 Scout Tower
57:21 Arcane Tower
57:24 Scout Tower
57:28 Scout Tower
58:28 Arcane Tower
58:34 Town Hall
58:35 Arcane Tower
59:41 Scout Tower
61:02 Scout Tower
61:03 Arcane Tower
62:14 Arcane Tower
62:20 Scout Tower
64:08 Arcane Tower
64:17 Town Hall
67:29 Town Hall
» items
| Scroll of Regeneration | 1 | |
| Lesser Clarity Potion | 1 | |
| Staff of Teleportation | 2 | |
| Potion of Lesser Invulnerability | 2 | |
| Scroll of Healing | 1 | |
| Boots of Speed | 3 | |
| Scroll of Protection | 1 | |
| Scroll of Town Portal | 2 | |
| Dust of Appearance | 3 | |
| Periapt of Vitality | 1 | |
17 total
K-rma.com[lies (
purple | 58 APM | 4801 actions | 82:30)
7 Blademaster
3 Wind Walk
3 Critical Strike
1 Bladestorm
4 Shadow Hunter
2 Healing Wave
2 Hex
3 Tauren Chieftain
2 Shockwave
1 Endurance Aura
» actions
| Assign group hotkey | 191 | |
| Basic commands | 4 | |
| Build / train | 154 | |
| ESC pressed | 1 | |
| Enter build submenu | 43 | |
| Enter hero's abilities submenu | 15 | |
| Give item / drop item | 4 | |
| Right click | 2684 | |
| Select / deselect | 808 | |
| Select group hotkey | 610 | |
| Use ability | 287 | |
4801 total
» units
| Peon | 66 | |
| Grunt | 5 | |
| Demolisher | 6 | |
| Troll Batrider | 42 | |
| Wind Rider | 3 | |
122 total
» upgrades
| Berserker Strength | 1 | |
| Ranged Weapons | 2 | |
| Burning Oil | 1 | |
| Liquid Fire | 1 | |
5 total
» buildings
| Altar of Storms | 1 | |
| Orc Burrow | 7 | |
| Voodoo Lounge | 1 | |
| Barracks | 2 | |
| Stronghold | 1 | |
| War Mill | 3 | |
| Great Hall | 10 | |
| Fortress | 1 | |
| Beastiary | 2 | |
| Watch Tower | 12 | |
40 total
» build order
00:03 Altar of Storms
00:17 Orc Burrow
00:52 Voodoo Lounge
01:37 Barracks
01:46 Orc Burrow
04:40 Stronghold
04:44 Orc Burrow
05:07 War Mill
05:12 Barracks
06:41 Orc Burrow
07:42 Great Hall
09:35 Orc Burrow
09:36 Fortress
11:46 Orc Burrow
15:09 Orc Burrow
16:40 Beastiary
16:41 Beastiary
18:31 War Mill
19:03 Great Hall
27:33 Great Hall
29:29 Great Hall
30:40 Watch Tower
30:40 Watch Tower
30:41 Watch Tower
33:28 Great Hall
33:39 Watch Tower
33:47 Watch Tower
35:11 Watch Tower
36:42 War Mill
46:11 Great Hall
46:12 Great Hall
50:23 Great Hall
56:06 Great Hall
59:38 Watch Tower
62:01 Watch Tower
62:04 Watch Tower
62:06 Watch Tower
62:08 Watch Tower
62:12 Watch Tower
65:39 Great Hall
» items
| Scroll of Speed | 1 | |
| Lesser Clarity Potion | 1 | |
| Healing Salve | 1 | |
| Boots of Speed | 1 | |
| Orb of Lightning | 1 | |
| Dust of Appearance | 3 | |
8 total

»
x]Knives (
orange | 142 APM | 11660 actions | 82:22)
7 Death Knight
3 Death Coil
3 Unholy Aura
1 Animate Dead
4 Lich
2 Frost Nova
2 Frost Armor
» actions
| Assign group hotkey | 87 | |
| Basic commands | 56 | |
| Build / train | 143 | |
| Enter build submenu | 27 | |
| Enter hero's abilities submenu | 11 | |
| Give item / drop item | 12 | |
| Remove unit from queue | 8 | |
| Right click | 4978 | |
| Select / deselect | 2462 | |
| Select group hotkey | 3576 | |
| Use ability | 300 | |
11660 total
» units
| Acolyte | 25 | |
| Ghoul | 3 | |
| Crypt Fiend | 15 | |
| Meatwagon | 22 | |
| Obsidian Statue | 10 | |
| Gargoyle | 8 | |
83 total
» upgrades
| Burrow | 1 | |
| Web | 1 | |
| Creature Attack | 3 | |
| Creature Carapace | 3 | |
| Destroyer Form | 1 | |
| Unholy Strength | 1 | |
10 total
» buildings
| Crypt | 1 | |
| Altar of Darkness | 1 | |
| Ziggurat | 11 | |
| Graveyard | 2 | |
| Tomb of Relics | 1 | |
| Halls of the Dead | 3 | |
| Slaughterhouse | 1 | |
| Sacrificial Pit | 1 | |
| Black Citadel | 3 | |
| Necropolis | 1 | |
| Nerubian Tower | 1 | |
26 total
» build order
00:20 Crypt
00:22 Altar of Darkness
00:42 Ziggurat
01:03 Graveyard
01:32 Tomb of Relics
02:13 Ziggurat
03:49 Halls of the Dead
03:50 Halls of the Dead
04:56 Ziggurat
05:54 Ziggurat
06:45 Slaughterhouse
06:46 Ziggurat
07:35 Ziggurat
08:49 Ziggurat
08:51 Ziggurat
09:47 Sacrificial Pit
12:34 Graveyard
14:42 Black Citadel
14:43 Black Citadel
14:43 Black Citadel
24:11 Ziggurat
24:12 Ziggurat
24:13 Ziggurat
30:29 Necropolis
37:09 Nerubian Tower
» items
| Rod of Necromancy | 3 | |
| Dust of Appearance | 4 | |
| Scroll of Town Portal | 3 | |
| Potion of Healing | 4 | |
| Orb of Corruption | 1 | |
| Scroll of Healing | 2 | |
| Staff of Teleportation | 2 | |
| Healing Salve | 1 | |
20 total
Chat log
(02:10 / All) K-rma.com[lies: goku u in clan dbz best cvlan ever?
(02:15 / All) GOKUMaN69: YES
(02:18 / Allies) Dexanth: Mass resource now
(02:28 / All) K-rma.com[lies: cool
(04:15 / Allies) Dexanth: gold
(04:48 / Allies) Dexanth: lma
(05:06 / Allies) Dexanth: gold
(05:29 / Allies) Dexanth: gold
(07:14 / Allies) Dexanth: gold
(10:13 / Allies) Dexanth: sources
(12:28 / All) K-rma.com[lies: nice
(12:52 / Allies) Dexanth: wood
(12:55 / Allies) Dexanth: mad wood
(16:12 / All) gwbushin2008: do u ever think about how one dwarf with armor takes abou t200 arrows and still stands
(24:58 / All) K-rma.com[lies: PWNED
(34:50 / All) gwbushin2008: "PWNED
(34:59 / All) x]Knives: lol
(35:06 / All) K-rma.com[lies: LOL?
(35:18 / All) x]Knives: with that u guys just are gay defending
(35:20 / All) GOKUMaN69: U gay?
(35:31 / All) K-rma.com[lies: no but u kinda are
(35:38 / All) gwbushin2008: no
(35:41 / All) GOKUMaN69: ur mon is
(35:42 / All) x]Knives: u have not micro thats why u need this starar
(35:55 / All) gwbushin2008: it's sun tzu's strategy
(36:03 / All) x]Knives: s gay strat
(60:16 / All) GOKUMaN69: U killed alot of chims not
(61:48 / All) gwbushin2008: IS TROUBLE... BREWING??!@?
(62:44 / All) gwbushin2008: LO:L
(62:49 / All) gwbushin2008: YOU JUST GOT SUN TZUD
(62:56 / All) Dexanth: Art of war brah
(63:11 / All) gwbushin2008: ART OF "PWNED" THAT'S WHAT YOU SAID EARLIER. BUT NOW YOU EAT THOSE WORDS
(63:23 / All) K-rma.com[lies: na
(63:25 / All) K-rma.com[lies: ur done for
(63:27 / All) x]Knives: ART OF I HAVE NOT MICRO I NEED TOWERS TO BE SOMETHING
(63:29 / All) gwbushin2008: rly
(63:37 / All) gwbushin2008: |art of losing to defensive buildings
(64:35 / All) gwbushin2008: we're done for
(64:57 / All) Dexanth: Thank you for 5 wyv exp
(67:56 / All) GOKUMaN69: u KNOW C,MCV MMMMMMMMMMMMMMMMMMMMMMMMMMNNN,
(68:12 / All) GOKUMaN69: N OOBN?
(68:52 / All) Dexanth: So anyways bros
(68:55 / All) Dexanth: I dont really see how you win
(69:02 / All) K-rma.com[lies: lol
(69:05 / All) Dexanth: We have heaps of towers you cant get through I mean
(69:11 / All) Dexanth: Its pretty obvious you lose etc ~
(69:17 / All) Dexanth: we're like the Chicoms
(69:25 / All) Dexanth: (If they had impenetrable island bases)
(69:26 / All) GOKUMaN69: GET OUT ECT
(69:35 / All) Dexanth: We're like Al Qaeada in Tora Bora
(69:37 / All) x]Knives: lol stfu u cant play normal cuz u guys sux
(69:41 / All) gwbushin2008: HAHAHA
(69:48 / All) gwbushin2008: why is it so wrong to do a different strat
(69:58 / All) gwbushin2008: you build fuckin crypt fiends that's the most overdone thing ever
(70:02 / All) gwbushin2008: we're tryin to be new. The new age
(70:06 / All) gwbushin2008: OUT WITH THE OLD
(70:16 / All) K-rma.com[lies: that strat
(70:19 / All) gwbushin2008: we're like barack obama dn you're like john mccain
(70:19 / All) K-rma.com[lies: aint new buddy
(70:25 / All) GOKUMaN69: bUDDY
(70:28 / All) gwbushin2008: yeah sun tzu came up with it
(70:41 / All) K-rma.com[lies: yea and i invented rush
(71:00 / All) gwbushin2008: ya
(71:04 / All) gwbushin2008: rushing to mommy cos ur such a loser
(71:05 / All) x]Knives: art of war s a fucking oldbook u are shit this s a game not a fucking real war
(71:17 / All) GOKUMaN69: IS IT IS
(71:19 / All) Dexanth: Bro all conflict is war
(71:20 / All) gwbushin2008: i study old wars
(71:21 / All) gwbushin2008: to help me
(71:24 / All) Dexanth: We are chinese
(71:25 / All) gwbushin2008: develop strats
(71:27 / All) Dexanth: We honor our ancestor
(71:30 / All) gwbushin2008: strategy is half the battle
(71:33 / All) Dexanth: The mighty Sun Tzu and Lao Tzu and Wo Peng
(71:42 / All) Dexanth: And Ching Zhou and Miso Soup and Takiyaki Soba
(71:55 / All) Dexanth: And most of all Wonton Tso
(72:31 / All) gwbushin2008: HAHAH
(72:33 / All) gwbushin2008: DECEIVED
(73:03 / All) Dexanth: Just an fyi bro i killed your hero and some other stuff
(73:09 / All) Dexanth: Making sure you notice etc
(73:10 / All) gwbushin2008: you guys spend all you rmoney on that fuckin dust
(73:24 / All) K-rma.com[lies: i spent like 170 on dust
(73:26 / All) K-rma.com[lies: LOl
(73:30 / All) x]Knives: lol dust or arcane towers piece of shit lemme see ur stats
(73:41 / All) gwbushin2008: i have 35 strength
(73:43 / All) gwbushin2008: 39 agility
(73:45 / All) gwbushin2008: and 34 intelligence
(73:50 / All) K-rma.com[lies: lol
(73:55 / All) Dexanth: 36 str 17 agi 22 int on Kelvin 'Icecold' Sternhammer
(73:56 / All) x]Knives: rt 0 3
(73:57 / All) gwbushin2008: impressed??
(73:57 / All) K-rma.com[lies: my bm has 1more agi
(74:01 / All) K-rma.com[lies: and 1 more int
(74:06 / All) Dexanth: 19 str 20 agi 28 int on Nilas 'Icy Blizzard' Arcanister
(74:09 / All) GOKUMaN69: HACK MUCH?
(74:10 / All) gwbushin2008: his name is not samuro tho
(74:16 / All) Dexanth: And 24 str 17 agi 28 int on Hale 'DudeWheresMyCar' Magefire
(74:20 / All) GOKUMaN69: 45 24 25
(74:38 / All) gwbushin2008: those tanks are really gonna help
(74:40 / All) x]Knives: stats of acc noobs-.- not of ur hero
(74:49 / All) Dexanth: Oh that who cares
(75:28 / All) Dexanth: Nice bm bro
(75:31 / All) Dexanth: Nice SH too
(75:33 / All) gwbushin2008: ART OF WAR BABY
(75:43 / All) Dexanth: Oh and nice TC
(75:49 / All) GOKUMaN69: NICE GG
(76:12 / All) Dexanth: TY for avatar
(77:57 / All) gwbushin2008: PWNED
(79:27 / All) gwbushin2008: HAHA
(79:28 / All) gwbushin2008: WHO'S WHO??
(79:33 / All) gwbushin2008: ONLY SUN TZU <KNOWS
(80:15 / All) Dexanth: Goonbye
(80:38 / All) gwbushin2008: LOL
(80:43 / All) gwbushin2008: Killing yourself to make it easier for us
(80:53 / All) Dexanth: Hi I have a present for you its death
(81:13 / All) GOKUMaN69: gg NOOBS SUN OWNED
(82:22 / All) GOKUMaN69: NICE TV